 Dungeon Crawl Stone Soup version 0.18.1-48-g4cf74bf (webtiles) character file.

698 Gargoyl the Covered (level 7, -6/55 HPs)
             Began as a Demonspawn Abyssal Knight on July 19, 2016.
             Was a Believer of Lugonu.
             Mangled by Dickchan's ghost (10 damage)
             ... on level 5 of the Dungeon.
             The game lasted 00:08:54 (5481 turns).

Gargoyl the Covered (Demonspawn Abyssal Knight)     Turns: 5481, Time: 00:08:55

Health: -6/55      AC: 13    Str: 15    XL:     7   Next: 38%
Magic:  9/9        EV:  7    Int: 13    God:    Lugonu [**....]
Gold:   353        SH:  0    Dex: 12    Spells: 0 memorised, 6 levels left

rFire  + . .     SeeInvis .     a - +1 hand axe
rCold  . . .     Gourm    .     e - +0 chain mail
rNeg   . . .     Faith    .     (no shield)
rPois  .         Spirit   .     y - +0 helmet
rElec  .         Dismiss  .     (no cloak)
rCorr  .         Reflect  .     (no gloves)
SustAt .         Harm     .     (boots unavailable)
MR     ++...                    s - amulet of magic regeneration
Stlth  ..........               d - ring of protection from magic
                                o - +1 ring of protection

@: very resistant to hostile enchantments, extremely unstealthy
A: hooves 3, molten scales 1, demonic guardian 1, fire resistance 1, magic
resistance 1, powered by pain 1
a: Depart the Abyss, Bend Space, Renounce Religion


You were on level 5 of the Dungeon.
You worshipped Lugonu.
Lugonu was pleased with you.
You were hungry.

You visited 1 branch of the dungeon, and saw 5 of its levels.
You visited the Abyss 1 time.

You collected 353 gold pieces.

Inventory:

Hand Weapons
 a - a +1 hand axe (weapon)
Missiles
 q - 7 tomahawks (quivered)
Armour
 e - a +0 chain mail (worn)
 y - a +0 helmet (worn)
Jewellery
 d - a ring of protection from magic (right hand)
 o - a +1 ring of protection (left hand)
 s - an amulet of magic regeneration (around neck)
Wands
 w - a wand of digging (1/24)
Scrolls
 b - 6 scrolls of fear {unknown}
 f - 2 scrolls of enchant weapon {unknown}
 g - 2 scrolls of enchant armour {unknown}
 h - 3 scrolls of identify
 i - 3 scrolls of teleportation {unknown}
 j - a scroll of immolation {unknown}
 k - a scroll of noise {unknown}
 l - 5 scrolls of remove curse {unknown}
 m - 3 scrolls of random uselessness {unknown}
 n - a scroll of magic mapping {unknown}
Potions
 u - a potion of magic {unknown}
 z - a potion of curing {unknown}
Comestibles
 c - 2 bread rations
 v - 2 meat rations
 x - 4 fruits


   Skills:
 + Level 4.4 Fighting
 + Level 3.3 Axes
 * Level 5.7 Armour
 + Level 2.2 Dodging
 + Level 0.4 Stealth
 + Level 2.8 Invocations


You had 6 spell levels left.
You didn't know any spells.

Dungeon Overview and Level Annotations

Branches:
Dungeon (5/15)
 Temple: D:4-7

Altars:
Ashenzari
Cheibriados
Fedhas
Pakellas
Xom

Annotations:
D:5 Dickchan's ghost, novice KoHu; Grinder


Innate Abilities, Weirdness & Mutations

You have hooves in place of feet.
You are partially covered in molten scales (AC +1).
A weak demonic guardian rushes to your aid.
You sometimes gain a little power by taking damage.
Your flesh is heat resistant.
You are resistant to hostile enchantments.


Message History

Grinder hits your crimson imp.
Your crimson imp barely misses Grinder.
Your crimson imp blinks!
Dickchan's ghost hits you but does no damage.
Unknown command.
Drink which item? (? for menu, Esc to quit)
It was a potion of mutation.
You feel extremely strange.
You feel resistant to heat.
Your feet have mutated into hooves.
You feel resistant to hostile enchantments.
Your crimson imp misses Grinder.
Dickchan's ghost hits you!
* * * LOW HITPOINT WARNING * * *
Drink which item? (? for menu, Esc to quit)
It was a potion of cancellation.
Your magical effects are unravelling.
You feel magically purged.
You feel a little less agile now. Grinder gestures at you.
You resist with almost no effort.
Your crimson imp blinks!
Your crimson imp barely misses Grinder.
Dickchan's ghost hits you!
You die...

##.#. #... ...
..# ...###.
###..##
#.#...........
#.#.##.##....#
#W#.##.##....#
#@55.5.......#
###.##.##...#
#.##.##...#
#.........## .#
##...###...##.#
#............##
#..............
##.####.####...
#.# ##.## #..#


You could see Grinder, Dickchan's ghost and 2 friendly crimson imps.

Vanquished Creatures
  Menkaure (D:5)
  2 scorpions
  2 hounds (D:4)
  A giant frog skeleton (D:4)
  3 worker ants (D:4)
  A killer bee zombie (D:4)
  2 hound skeletons (D:4)
  4 gnolls
  3 adders
  An adder zombie (D:5)
  3 worms (D:2)
  A dart slug (D:1)
  2 giant geckos
  An orc (D:3)
  6 bats
  A giant cockroach (D:2)
  13 goblins
  5 hobgoblins
  3 jackals (D:1)
  3 quokkas
  2 ball pythons
  A ball python skeleton (D:4)
  3 giant newts
  7 kobolds
  9 rats
80 creatures vanquished.

Vanquished Creatures (collateral kills)
  The ghost of Tamulis the Bolt Thrower, an amateur DsAM of Yredelemnul (D:4)
  Edmund (D:4)
  A gnoll (D:3)
  A quokka skeleton (D:4)
4 creatures vanquished.

Grand Total: 84 creatures vanquished

Notes
Turn   | Place    | Note
--------------------------------------------------------------
     0 | Abyss:1  | Gargoyl the Demonspawn Abyssal Knight began the quest for the Orb.
     0 | Abyss:1  | Reached XP level 1. HP: 18/18 MP: 2/2
    59 | Abyss:2  | Noticed a starcursed mass
    94 | D:1      | Escaped the Abyss
   355 | D:1      | Reached skill level 2 in Armour
   358 | D:1      | Gained mutation: A weak demonic guardian rushes to your aid. [demonic ancestry]
   358 | D:1      | Reached XP level 2. HP: 22/24 MP: 3/3
   492 | D:1      | Reached * piety under Lugonu
   572 | D:1      | Reached XP level 3. HP: 13/29 MP: 5/5
  1186 | D:2      | Reached skill level 1 in Dodging
  1492 | D:2      | Reached ** piety under Lugonu
  1715 | D:2      | Gained mutation: You have large cloven feet. [demonic ancestry]
  1715 | D:2      | Reached XP level 4. HP: 37/37 MP: 6/6
  2396 | D:3      | Reached skill level 3 in Armour
  3289 | D:3      | Found a snail-covered altar of Cheibriados.
  3419 | D:4      | Noticed Tamulis's ghost (amateur DsAM)
  3580 | D:4      | Killed Tamulis's ghost
  3580 | D:4      | Gained mutation: You have hoof-like feet. [demonic ancestry]
  3580 | D:4      | Reached XP level 5. HP: 42/42 MP: 7/7
  3688 | D:4      | Found a shattered altar of Ashenzari.
  3702 | D:4      | Reached skill level 4 in Armour
  3738 | D:4      | Gained mutation: You are partially covered in molten scales (AC +1). [demonic ancestry]
  3738 | D:4      | Reached XP level 6. HP: 44/48 MP: 8/8
  3790 | D:4      | HP: 2/48 [poisoned by a scorpion]
  4123 | D:4      | Found a shimmering altar of Xom.
  4439 | D:4      | Found a blossoming altar of Fedhas.
  4470 | D:4      | Noticed Edmund
  4499 | D:4      | Killed Edmund
  4499 | D:4      | Reached skill level 5 in Armour
  4740 | D:4      | Gained mutation: You sometimes gain a little power by taking damage. [demonic ancestry]
  4740 | D:4      | Reached XP level 7. HP: 54/54 MP: 9/9
  4839 | D:4      | Found an oddly glowing altar of Pakellas.
  4987 | D:5      | Entered Level 5 of the Dungeon
  5410 | D:5      | Noticed Menkaure
  5424 | D:5      | Killed Menkaure
  5458 | D:5      | Noticed Dickchan's ghost (novice KoHu)
  5463 | D:5      | Noticed Grinder
  5480 | D:5      | Gained mutation: Your flesh is heat resistant. [potion of mutation]
  5480 | D:5      | Gained mutation: You have hooves in place of feet. [potion of mutation]
  5480 | D:5      | Gained mutation: You are resistant to hostile enchantments. [potion of mutation]
  5481 | D:5      | Mangled by Dickchan's ghost

Skill      XL: |  1  2  3  4  5  6 |
---------------+-------------------+-----
Armour         | 2 3 4 5 |  5.7
Axes           | 2 3 |  3.3
Dodging        | 1 2 |  2.2
Fighting       | 4 |  4.4
Stealth        | |  0.4
Invocations    | |  2.8

Action                   |  1- 3 |  4- 6 |  7- 9 || total
-------------------------+-------+-------+-------++-------
Melee: Hand axe          |   161 |   223 |    53 ||   437
       Kick              |       |    52 |    13 ||    65
Invok: Depart the Abyss  |     1 |       |       ||     1
  Use: Potion            |       |     1 |     3 ||     4
       Scroll            |       |     1 |       ||     1
 Stab: Distracted        |       |       |     1 ||     1
  Eat: Chunk             |     3 |     6 |     1 ||    10
       Bread ration      |       |     1 |       ||     1
Armor: Chain mail        |   111 |   168 |    22 ||   301
       Scale mail        |     7 |       |       ||     7
Dodge: Dodged            |    66 |    87 |    22 ||   175
